 Dungeon Crawl Stone Soup version 0.29.0-4-gdea44cf6ec (webtiles) character file.

Game seed: 6534568971534765729

79 qw the Chopper (level 4, 0/26 HPs)
             Began as a Tengu Warper on Aug 28, 2022.
             Succumbed to their own poison gas
             ... on level 2 of the Dungeon.
             The game lasted 00:00:12 (2168 turns).

qw the Chopper (Tengu Warper)                       Turns: 2168, Time: 00:00:13

Health: 0/26       AC:  5    Str: 12 (14) XL:     4   Next: 38%
Magic:  8/8        EV: 11    Int: 11 (13) God:
Gold:   117        SH:  0    Dex: 18 (19) Spells: 7/7 levels left

rFire   . . .      SeeInvis .   Y - +1 hand axe
rCold   + . .      Faith    .   (no shield)
rNeg    . . .      Spirit   .   h - +0 ring mail
rPois   .          Reflect  .   (helmet restricted)
rElec   .          Harm     .   (no cloak)
rCorr   .          Rampage  .   (no gloves)
Will    .....                   (boots unavailable)
Stlth   +.........              (no amulet)
HPRegen 0.08/turn               d - +6 ring of dexterity
MPRegen 0.11/turn               c - ring of protection from cold

@: lethally poisoned (0 -> -6)
A: beak, talons 3
a: no special abilities


You were on level 2 of the Dungeon.
You visited 1 branch of the dungeon, and saw 2 of its levels.

You collected 117 gold pieces.


Innate Abilities, Weirdness & Mutations

You have a beak for a mouth.
You have claws for feet.


   Skills:
 - Level 2.0 Fighting
 + Level 5.0 Axes
 - Level 1.0 Throwing
 - Level 1.1 Armour
 - Level 2.1 Dodging
 - Level 2.0 Spellcasting
 - Level 2.4 Translocations


You had 7 spell levels left.
You didn't know any spells.
Your spell library contained the following spells:

 Spells                   Type           Power      Damage    Failure   Level
 Blink                    Tloc           12%        N/A       36%         2
 Gell's Gravitas          Tloc           6%         N/A       58%         3
 Lesser Beckoning         Tloc           6%         N/A       58%         3
 Teleport Other           Tloc           6%         N/A       58%         3
 Manifold Assault         Tloc           6%         N/A       100%        5

Inventory:

Hand Weapons
 a - a +2 whip of electrocution
 Y - a +1 hand axe (weapon)
Armour
 h - a +0 ring mail (worn)
Jewellery
 c - a ring of protection from cold (right hand)
 d - a +6 ring of dexterity (left hand)
Scrolls
 g - a scroll of identify
Potions
 b - a potion of ambrosia {unknown}
 f - a potion of berserk rage {unknown}
 i - a potion of heal wounds {unknown}
 l - a potion of invisibility {unknown}

Dungeon Overview and Level Annotations

Branches:
Dungeon (2/15)

Altars:
Wu Jian


Message History

Done exploring.
2158 ||| UPGRADING to ring of protection from cold.
c - a ring of protection from cold (right hand) Done exploring.
2159 ||| READING scroll labelled ZEANASMAMN.
The air fills with toxic fumes!
As you read the scroll labelled ZEANASMAMN, it crumbles to dust.
It was a scroll of poison.
Done exploring.
2160 ||| READING scroll labelled MOUFIR EMULEDY.
As you read the scroll labelled MOUFIR EMULEDY, it crumbles to dust.
It is a scroll of amnesia.
You feel forgetful for a moment.
Done exploring.
2161 ||| DRINKING 2 amethyst potions.
It was a potion of degeneration.
There was something very wrong with that liquid.
You feel weakened.
You feel dopey.
You feel clumsy.
Done exploring.
2162 ||| DROPPING potion of degeneration.
You drop a potion of degeneration.
Done exploring.
(D) Dungeon
Where to? (* - list waypoints, Enter - D:2, ? - help)
What level of the Dungeon? (default 1, ? - help) Sorry, I don't know how to get there.
Done exploring.
2163 ||| Stepping randomly (stuck).
Really walk into that cloud of poison gas?
You are engulfed in poison gas.
You are poisoned.
You feel very sick.
2164 ||| Stepping ~*~*~tactically~*~*~ (cloud).
You feel very sick.
You see here a potion of degeneration.
There is a lethal amount of poison in your body!
You feel very sick.
There is a lethal amount of poison in your body!
You feel very sick.
There is a lethal amount of poison in your body!
You feel sick.
There is a lethal amount of poison in your body!
You die...

#####
################000#
%........[¤¤¤0¤0¤¤¤#
.########.¤000¤0@0¤#
## ##.....######00¤#
##..##### #####
###..#########
....##.......#
######.......#
#............#
..#######.#### .##
#.#


There were no monsters in sight!

Vanquished Creatures
  2 adders (D:2)
  A dart slug (D:2)
  3 ball pythons
  7 endoplasms
  A giant cockroach (D:2)
  7 goblins
  6 hobgoblins
  6 jackals (D:2)
  4 kobolds
  A quokka (D:2)
  5 bats
  4 frilled lizards
  6 rats
53 creatures vanquished.

Notes
Turn   | Place    | Note
-------+----------+-------------------------------------------
     0 | D:1      | qw the Tengu Warper began the quest for the Orb.
     0 | D:1      | Reached XP level 1. HP: 12/12 MP: 4/4
     0 | D:1      | 0 ||| qw: Version: 0.1-a-89-g26bdef1
     0 | D:1      | 0 ||| qw: Game counter: 438
     0 | D:1      | 0 ||| qw: Always use a shield: true
     0 | D:1      | 0 ||| qw: God list: Okawaru
     0 | D:1      | 0 ||| qw: Allow faded altars: false
     0 | D:1      | 0 ||| qw: Do Orc after D:15 true
     0 | D:1      | 0 ||| qw: Do second Lair branch before Depths: true
     0 | D:1      | 0 ||| qw: Lair rune preference: random
     0 | D:1      | 0 ||| qw: Plans: Normal
     0 | D:1      | 0 ||| PLANNING D:1-11
   427 | D:1      | Reached XP level 2. HP: 17/17 MP: 6/6
   446 | D:1      | Reached skill level 3 in Axes
   944 | D:1      | Reached XP level 3. HP: 20/21 MP: 7/7
  1000 | D:1      | 1000 ||| UPGRADING to +0 ring mail.
  1010 | D:1      | 1010 ||| DROPPING +0 leather armour.
  1011 | D:1      | 1011 ||| UPGRADING to +6 ring of dexterity.
  1012 | D:1      | 1012 ||| READING scroll labelled BUMI WOXTEMELE.
  1013 | D:1      | 1013 ||| READING 2 scrolls labelled OBRAIS KEEPTE.
  1014 | D:1      | 1014 ||| READING scroll labelled VYLUAZ MASA.
  1141 | D:1      | 1141 ||| DROPPING scroll of blinking.
  1171 | D:2      | 1171 ||| Stepping ~*~*~tactically~*~*~ (stealth).
  1179 | D:2      | Reached skill level 4 in Axes
  1190 | D:2      | 1190 ||| FLEEEEING.
  1192 | D:2      | 1192 ||| STAIRDANCE
  1297 | D:1      | 1297 ||| READING scroll labelled HACWETEKHLO.
  1305 | D:2      | 1305 ||| Stepping ~*~*~tactically~*~*~ (stealth).
  1307 | D:2      | 1307 ||| Stepping ~*~*~tactically~*~*~ (stealth).
  1309 | D:2      | 1309 ||| Stepping ~*~*~tactically~*~*~ (hiding).
  1332 | D:2      | 1332 ||| DROPPING +0 club.
  1345 | D:2      | 1345 ||| Stepping ~*~*~tactically~*~*~ (stealth).
  1359 | D:2      | Reached XP level 4. HP: 21/26 MP: 8/8
  1542 | D:2      | Found an ornate altar of the Wu Jian Council.
  1971 | D:2      | Reached skill level 5 in Axes
  2158 | D:2      | 2158 ||| UPGRADING to ring of protection from cold.
  2159 | D:2      | 2159 ||| READING scroll labelled ZEANASMAMN.
  2160 | D:2      | 2160 ||| READING scroll labelled MOUFIR EMULEDY.
  2161 | D:2      | 2161 ||| DRINKING 2 amethyst potions.
  2162 | D:2      | 2162 ||| DROPPING potion of degeneration.
  2163 | D:2      | 2163 ||| Stepping randomly (stuck).
  2164 | D:2      | 2164 ||| Stepping ~*~*~tactically~*~*~ (cloud).
  2165 | D:2      | HP: 6/26 [poisoned by you (poison gas)]
  2167 | D:2      | HP: 1/26 [poisoned by you (poison gas)]
  2168 | D:2      | Succumbed to their own poison gas

Levels and vault maps discovered:
D:1:      lightli_arrival_flooded_house, layout_loops_cross,
          nicolae_hexahallways, corexii_item_surrounded_by_moat
D:2:      layout_rooms, basic_altar, minmay_nonomino_d4

Skill      XL: |  1  2  3  4 |
---------------+-------------+-----
Axes           | 3 4 5 |  5.0
Fighting       | |  2.0
Throwing       | |  1.0
Armour         | |  1.1
Dodging        | |  2.1
Spellcasting   | |  2.0
Translocations | |  2.4

Action                   |  1- 3 |  4- 6 || total
-------------------------+-------+-------++-------
Melee: Hand axe          |    71 |    56 ||   127
       Kick              |    13 |    10 ||    23
       Peck              |     5 |     7 ||    12
       Punch             |     2 |     1 ||     3
Throw: Boomerang         |     7 |       ||     7
  Use: Scroll            |     4 |     2 ||     6
       Potion            |       |     1 ||     1
Armor: Leather armour    |     8 |       ||     8
       Ring mail         |     6 |    17 ||    23
Dodge: Dodged            |    32 |    27 ||    59

Table legend:
 A = Non-vault XP
 B = Vault XP
 C = Vault XP percentage of total XP
 D = Non-vault monster count
 E = Vault monster count
 F = Vault count percentage of total count
                 A         B        C        D         E       F
            +---------+---------+-------+---------+---------+-------
      Total |      94 |      20 |  17.5 |      46 |       7 |  13.2
            +---------+---------+-------+---------+---------+-------
        D:1 |      35 |       0 |   0.0 |      22 |       0 |   0.0
        D:2 |      59 |      20 |  25.3 |      24 |       7 |  22.6
            +---------+---------+-------+---------+---------+-------
